 Dungeon Crawl Stone Soup version 0.31-a0-1447-g87ca8d402b (webtiles) character file.

Game seed: 14239285694139364722

16443 Arcadio the Nimble (level 12, -4/101 HPs)
             Began as a Merfolk Shapeshifter on Dec 27, 2023.
             Was an Elder of the Shining One.
             Slain by a polar bear simulacrum (11 damage)
             ... in an ice cave.
             The game lasted 00:39:35 (13633 turns).

Arcadio the Nimble (Merfolk Shapeshifter)          Turns: 13633, Time: 00:39:35

Health: -4/101     AC:  9    Str: 30    XL:     12   Next: 37%
Magic:  14/17      EV: 17    Int: 10    God:    the Shining One [****..]
Gold:   607        SH: 13    Dex: 14    Spells: 11/11 levels left

rFire   . .          .
                       - Unarmed
rCold   . . .        (no shield)
rNeg    + + .        k - +2 swamp dragon scales
rPois   +            (helmet currently unavailable)
rElec   .            (cloak currently unavailable)
rCorr   .            (gloves currently unavailable)
SInv    .            (boots currently unavailable)
Will    .....        v - amulet of reflection
Stlth   +            z - +6 ring of strength
HPRegen 0.36/turn    G - +6 ring of strength
MPRegen 0.15/turn

%: reflection
@: divinely shielded, beast-form, glowing
A: beast (slay +4), (nimble swimmer 2), mertail
a: Begin Untransformation, Renounce Religion, Divine Shield, Cleansing Flame


You were in an ice cave.
You worshipped the Shining One.
The Shining One was greatly pleased with you.
You were a hulking beast.
You visited 3 branches of the dungeon, and saw 13 of its levels.
You also visited: Bailey and Ice Cave.

You collected 702 gold pieces.
You spent 95 gold pieces at shops.

Inventory:

Hand Weapons
 s - the +5 hand axe of Meager Action {freeze, *Noise rPois rF++ SInv}
   (You found it on level 3 of the Dungeon)

   rF++:      It greatly protects you from fire.
   rPois:     It protects you from poison SInv: It lets you see invisible.
   *Noise:    It may make a loud noise when swung.
 N - a +0 flail of protection
Armour
 k - +2 swamp dragon scales (worn)
 M - a +0 plate armour
Jewellery
 a - a ring of willpower
 v - an amulet of reflection (around neck)
 z - a +6 ring of strength (left hand)
 G - a +6 ring of strength (right hand)
Talismans
 c - a beast talisman (active)
 d - a flux talisman
Wands
 P - a wand of digging (5)
Scrolls
 b - a scroll of amnesia
 f - a scroll of immolation {unknown}
 i - a scroll of vulnerability {unknown}
 j - a scroll of fog {unknown}
 m - 3 scrolls of teleportation
 q - a scroll of silence {unknown}
 t - a scroll of torment {unknown}
 B - 2 scrolls of blinking
 D - a scroll of revelation
 F - 5 scrolls of enchant weapon
Potions
 e - a potion of magic {unknown}
 g - 3 potions of invisibility {unknown}
 h - 2 potions of degeneration {unknown}
 l - 2 potions of brilliance {unknown}
 o - 3 potions of attraction
 p - 3 potions of enlightenment {unknown}
 u - 4 potions of haste
 w - 6 potions of curing {unknown}
 x - 2 potions of berserk rage {unknown}
 E - 2 potions of lignification
 K - 4 potions of might {unknown}
 R - 2 potions of cancellation {unknown}
 S - 6 potions of resistance {unknown}
 T - 2 potions of mutation {unknown}


   Skills:
 + Level 11.7 Fighting
 + Level 13.7 Dodging
 + Level 12.0 Unarmed Combat
 + Level 7.1 Invocations
 + Level 7.0 Shapeshifting


You had 11 spell levels left.
You didn't know any spells.
Your spell library contained the following spells:

 Spells                   Type           Power      Damage    Failure   Level
 Apportation              Tloc           0%         N/A       50%         1
 Freeze                   Ice            0%         1d3       50%         1
 Necrotise                Necr           0%         1d4       50%         1
 Slow                     Hex            0%         N/A       50%         1
 Sting                    Conj/Alch      0%         1d3       50%         1
 Summon Small Mammal      Summ           0%         N/A       50%         1
 Jinxbite                 Hex            0%         N/A       63%         2
 Mercury Vapours          Alch/Air       0%         N/A       63%         2
 Confusing Touch          Hex            0%         N/A       86%         3
 Frozen Ramparts          Ice            0%         1d1       86%         3
 Hailstorm                Conj/Ice       0%         3d5       86%         3
 Mephitic Cloud           Conj/Alch/Air  0%         N/A       86%         3
 Sigil of Binding         Hex            0%         N/A       86%         3
 Vampiric Draining        Necr           0%         2d6       86%         3
 Ignite Poison            Fire/Alch      0%         N/A       99%         4
 Sticky Flame             Fire/Alch      0%         2d4       99%         4
 Freezing Cloud           Conj/Ice/Air   0%         6-21      100%        5
 Yara's Violent Unravell  Hex/Alch       0%         3d3       100%        5
 Enfeeble                 Hex            0%         N/A       100%        7
 Ignition                 Fire           0%         3d3       100%        8


Dungeon Overview and Level Annotations

Branches:
Dungeon (10/15) Zot: 25234  Temple (1/1) D:7 Zot: 5998    Lair (2/5) D:10 Zot: 10568
  Swamp (0/4) Lair:2        Snake (0/4) Lair:2       Bailey (visited)
  IceCv (1/1) Zot: 5982
    Orc: D:9-12

Altars:
Ashenzari
Cheibriados
Dithmenos
Elyvilon
Fedhas
Gozag
Hepliaklqana
Kikubaaqudgha
Makhleb
Nemelex Xobeh
Okawaru
Qazlal
Ru
Sif Muna
Trog
Uskayaw
Vehumet
Wu Jian
Xom
Yredelemnul
Zin
The Shining One

Shops:
D:3 (   D:4 *   D:6 (

Annotations:
Lair:1 exclusion: oklob plant


Innate Abilities, Weirdness & Mutations

You are a hulking beast.
Your limbs bulge with bestial killing power. (Slay +4)
((You are very nimble when in or above water. (Stealth+, EV+, Speed+++)))
Your lower body shifts to a powerful aquatic tail in water.


Message History

The cane toad simulacrum vaporises!
The Shining One accepts your kill.
Your Shapeshifting skill increases to level 7!
You punch the dire elephant simulacrum!
The dire elephant simulacrum is moderately damaged.
You punch the dire elephant simulacrum! You punch the dire elephant simulacrum.
The dire elephant simulacrum is severely damaged.
The dire elephant simulacrum barely misses you.
The dire elephant simulacrum closely misses you.
You punch the dire elephant simulacrum!
The dire elephant simulacrum vaporises!
The Shining One accepts your kill.
You feel better.
You punch the dire elephant simulacrum! x2
The dire elephant simulacrum is heavily damaged.
The dire elephant simulacrum tramples you!!
You hold your ground!
The dire elephant simulacrum trunk-slaps you.
The dire elephant simulacrum freezes you!!!
* * * LOW HITPOINT WARNING * * *
Okay, then.
Okay, then.
Okay, then.
A divine shield forms around you!
You block the dire elephant simulacrum's attack.
The dire elephant simulacrum closely misses you.
You hit the dire elephant simulacrum but do no damage.
The dire elephant simulacrum is heavily damaged.
You punch the dire elephant simulacrum!
The dire elephant simulacrum is severely damaged.
You block the polar bear simulacrum's attack.
The polar bear simulacrum claws you but does no damage. x2
The dire elephant simulacrum completely misses you.
The dire elephant simulacrum misses you.
Okay, then.
Okay, then.
Activating: Cleansing Flame (24% risk of failure)
Press: ? - help, Dir - look around, f - activate You fail to use your ability.
The polar bear simulacrum bites you!
You die...

#######
#.....## [
#......## ...
#.....Z.#.....
#.∩..hZ.......
#.......#.....
#......## ...
#.....## =
#######


You could see a dire elephant simulacrum and a polar bear simulacrum.

Vanquished Creatures
  A hydra (Lair:2)
  A catoblepas (Lair:1)
  2 two-headed ogres
  Pikel (D:5)
  A manticore (D:9)
  4 elephants
  Maggie (D:9)
  A cane toad (D:10)
  A kobold demonologist (D:9)
  3 komodo dragons
  A rime drake (Lair:1)
  2 trolls
  A hornet (Lair:1)
  6 blink frogs
  Grinder (D:5)
  Sigmund (D:6)
  A shadow (D:10)
  A dire elephant simulacrum (IceCv)
  A wyvern (D:10)
  6 yaks (Lair:1)
  4 basilisks
  2 wraiths (D:10)
  Eustachio (D:6)
  2 steam dragons
  7 water moccasins
  2 acid dragons
  A sky beast (D:8)
  4 orc warriors
  A black bear (D:4)
  An ogre (D:5)
  6 wolves (Lair:1)
  3 centaurs
  3 lemures (D:5)
  A phantom (D:6)
  2 kobold brigands
  6 bullfrogs
  2 gnoll sergeants (D:7)
  A cane toad simulacrum (IceCv)
  5 scorpions
  8 wights
  An elephant simulacrum (IceCv)
  3 howler monkeys
  3 bombardier beetles
  2 gnoll boudas
  6 orc priests
  3 iguanas
  Jessica (D:2)
  A sleepcap (D:8)
  7 hell rats (Lair:1)
  5 orc wizards
  37 gnolls
  11 river rats
  5 adders
  2 shadow imps
  3 white imps
  A worm (D:2)
  3 dart slugs
  30 orcs
  2 bats (D:2)
  11 endoplasms
  3 giant cockroaches
  10 goblins
  8 hobgoblins
  4 jackals (D:5)
  16 kobolds
  12 quokkas
  5 ball pythons
  4 frilled lizards
  19 rats
317 creatures vanquished.

Notes
Turn   | Place    | Note
-------+----------+-------------------------------------------
     0 | D:1      | Arcadio the Merfolk Shapeshifter began the quest for the
                  | Orb.
     0 | D:1      | Reached XP level 1. HP: 15/15 MP: 1/1
   245 | D:1      | Reached skill level 3 in Dodging
   287 | D:1      | Reached XP level 2. HP: 16/21 MP: 2/2
   863 | D:2      | Reached XP level 3. HP: 27/27 MP: 3/3
  1490 | D:2      | Noticed Jessica
  1504 | D:2      | Killed Jessica
  1505 | D:2      | Reached XP level 4. HP: 33/34 MP: 4/4
  1510 | D:2      | Reached skill level 4 in Dodging
  1630 | D:3      | Identified the +5 hand axe of Meager Action {freeze, *Noise
                  | rPois rF++ SInv}
  1658 | D:3      | Found Vanarr's Antique Weapon Shop.
  2432 | D:3      | Found a faded altar of an unknown god.
  2513 | D:4      | Found a glowing golden altar of the Shining One.
  2515 | D:4      | Noticed a scorpion
  2618 | D:4      | Noticed a black bear
  2625 | D:5      | Entered Level 5 of the Dungeon
  2790 | D:5      | Noticed a centaur
  2800 | D:5      | Noticed Grinder
  2803 | D:5      | Paralysed by Grinder for 4 turns
  2809 | D:5      | Killed a centaur
  2810 | D:5      | Reached XP level 5. HP: 7/41 MP: 5/5
  2815 | D:5      | Killed Grinder
  2816 | D:5      | Reached skill level 5 in Dodging
  2816 | D:5      | Reached skill level 5 in Unarmed Combat
  2816 | D:5      | Reached XP level 6. HP: 38/48 MP: 6/6
  3006 | D:4      | Reached XP level 7. HP: 30/55 MP: 7/7
  3010 | D:4      | Found a snail-covered altar of Cheibriados.
  3079 | D:4      | Reached skill level 6 in Dodging
  3084 | D:4      | Found a burning altar of Makhleb.
  3087 | D:4      | Became a worshipper of the Shining One
  3378 | D:4      | Found an iron altar of Okawaru.
  3520 | D:4      | Found Hoytum's Assorted Antiques.
  3539 | D:4      | Bought a runed bronze ring for 95 gold pieces
  3679 | D:4      | Reached skill level 5 in Fighting
  4084 | D:5      | Reached skill level 7 in Dodging
  4087 | D:5      | Reached XP level 8. HP: 63/63 MP: 8/8
  4783 | D:6      | Reached skill level 8 in Dodging
  4843 | D:6      | Reached * piety under the Shining One
  5267 | D:6      | Noticed Eustachio
  5486 | D:6      | Killed Eustachio
  5487 | D:6      | Reached XP level 9. HP: 67/72 MP: 9/9
  5605 | D:6      | Identified the +7 dagger of Dissolution {protect, rC+}
  5708 | D:6      | Found Laenumun's Weapon Boutique.
  5731 | D:6      | Noticed Sigmund
  5731 | D:6      | Noticed Pikel
  6098 | D:5      | Killed Pikel
  6099 | D:5      | Reached skill level 9 in Dodging
  6281 | D:6      | Killed Sigmund
  6785 | D:7      | Found a staircase to the Ecumenical Temple.
  6793 | Temple   | Entered the Ecumenical Temple
  6891 | D:6      | Reached skill level 10 in Dodging
  7586 | D:7      | Found a sacrificial altar of Ru.
  7942 | D:8      | Reached XP level 10. HP: 79/82 MP: 10/10
  7956 | D:8      | Found a shadowy altar of Dithmenos.
  8227 | D:8      | Reached skill level 11 in Dodging
  8329 | D:9      | Noticed a two-headed ogre
  8329 | D:9      | Reached ** piety under the Shining One
  8352 | D:9      | Noticed a kobold demonologist
  8366 | D:9      | Killed a kobold demonologist
  8649 | D:9      | Noticed Maggie
  8695 | D:9      | Killed Maggie
  8696 | D:9      | Reached skill level 1 in Invocations
  8908 | D:9      | Reached skill level 10 in Unarmed Combat
  8960 | D:8      | Killed a two-headed ogre
  9457 | D:9      | Noticed a manticore
  9465 | D:9      | Killed a manticore
  9466 | D:9      | Reached skill level 10 in Fighting
  9596 | D:9      | Identified the staff of Living Valiance {rPois Will+ rCorr
                  | Alchemy}
  9777 | D:9      | Reached skill level 12 in Dodging
  9924 | D:10     | Entered Level 10 of the Dungeon
  9988 | D:10     | Found a blossoming altar of Fedhas.
 10011 | D:10     | Found a flagged portal.
 10032 | Bailey   | Entered a bailey
 10549 | D:10     | Noticed an elephant
 10568 | D:10     | Killed an elephant
 10569 | D:10     | Reached XP level 11. HP: 81/91 MP: 12/14
 10617 | D:10     | Found a staircase to the Lair.
 10863 | D:10     | Reached *** piety under the Shining One
 11022 | D:10     | Noticed a two-headed ogre
 11028 | D:10     | Killed a two-headed ogre
 11053 | D:10     | Found a sparkling altar of Nemelex Xobeh.
 11338 | D:10     | Reached skill level 5 in Invocations
 11448 | Lair:1   | Entered Level 1 of the Lair of Beasts
 11630 | Lair:1   | Reached skill level 5 in Shapeshifting
 11872 | Lair:1   | Reached **** piety under the Shining One
 12210 | Lair:1   | Reached skill level 13 in Dodging
 13035 | Lair:1   | Reached XP level 12. HP: 100/100 MP: 16/16
 13229 | Lair:1   | Noticed a catoblepas
 13254 | Lair:1   | Killed a catoblepas
 13547 | Lair:2   | Found a frozen archway.
 13587 | Lair:2   | Noticed a seven-headed hydra
 13595 | Lair:2   | Killed a seven-headed hydra
 13614 | IceCv    | Entered an ice cave
 13633 | IceCv    | Slain by a polar bear simulacrum

Illustrated notes

Levels and vault maps discovered:
D:1:      elethiomel_arrival_infinity_welcomes_careful_drivers, layout_rooms
D:2:      layout_basic, st_stairs_13, amethyst_killhole, uniq_jessica
D:3:      layout_basic, serial_shops, shop, dilly_ecumenical_altar_fadedgnrine,
          dk_vineyard_2, hangedman_decor_points
D:4:      layout_basic, okawaru_altar_gauntlet_db, grunt_temple_overflow_open,
          serial_shops, shop
D:5:      layout_cave_pools, uniq_grinder
D:6:      layout_gridville, serial_shops, nicolae_shop_pleasant_corner_grove,
          uniq_sigmund, uniq_eustachio, uniq_pikel
D:7:      layout_basic, nicolae_ru_great_annihilating_truth,
          minmay_temple_entry_gardened_gates, minmay_misc_feat_chi
D:8:      layout_rooms, nicolae_dithmenos_through_a_glass_darkly
D:9:      layout_loops_cross, uniq_maggie
D:10:     layout_loops_corners, mainiacjoe_overflow_alcove_4,
          nemelex_spade_bored_becter, david_lair_generic, enter_bailey_2,
          serial_rivers, chequers_serial_rivers_micro_d,
          chequers_serial_rivers_small_b, chequers_serial_rivers_micro_c,
          chequers_serial_rivers_small_b, chequers_serial_rivers_marsh,
          chequers_serial_rivers_marsh, minmay_misc_feat_nine_boxes,
          grunt_ministairs_12
Temple:   nicolae_temple_bog_church
Lair:1:   lemuel_ratsnest, layout_regular_city, pdpol_lair_neglected_garden,
          grunt_megastairs_1
Lair:2:   layout_roguey, swamp_mist, minmay_snake_entry_six_corridors,
          portal_ice_cave_entry_pillars_1, serial_bayou_pond_b,
          dreamdust_gnoll_shepherd
IceCv:    ice_cave_statue_garden_chambered

Skill      XL: |  1  2  3  4  5  6  7  8  9 10 11 12 |
---------------+-------------------------------------+-----
Dodging        | 3 4 5 7 8 10 12 13 | 13.7
Fighting       | 2 3 4 5 7 8 10 11 | 11.7
Unarmed Combat | 4 5 6 7 9 10 11 12 | 12.0
Invocations    | 4 6 7 |  7.1
Shapeshifting  | 6 7 |  7.0

Action                     |  1- 3 |  4- 6 |  7- 9 | 10-12 || total
---------------------------+-------+-------+-------+-------++-------
  Melee: Unarmed           |    86 |    57 |   317 |   441 ||   901
         Punch             |       |     2 |    17 |    44 ||    63
 Invoke: Divine Shield     |       |       |       |     2 ||     2
  Evoke: Wand              |       |       |       |     6 ||     6
    Use: Scroll            |       |     2 |     4 |    12 ||    18
         Potion            |       |     3 |     1 |     2 ||     6
   Stab: Sleeping          |     1 |       |       |       ||     1
 Armour: Animal skin       |    24 |       |       |       ||    24
         Ring mail         |     8 |    55 |   166 |       ||   229
         Skin              |       |     3 |       |       ||     3
         Plate armour      |       |       |    14 |    36 ||    50
         Swamp dragon scal |       |       |       |   152 ||   152
  Dodge: Dodged            |    46 |    33 |   221 |   262 ||   562
  Block: Other             |       |    13 |    89 |    90 ||   192
         Reflection        |       |     2 |     4 |     1 ||     7
   Form: Beast             |     1 |       |       |       ||     1

Table legend: (Time is in decaauts)
 A = Elapsed time spent in this place.
 B = Non-inter-level travel time spent in this place.
 C = Inter-level travel time spent in this place.
 D = Time resting spent in this place.
 E = Time spent auto-exploring this place.
 F = Levels seen in this place.
 G = Mean time per level.
                   A        B        C        D        E       F      G
               +--------+--------+--------+--------+--------+-----+--------+
         Total |  13503 |  13189 |    314 |   2746 |   7538 |  15 |  900.2 |
       Dungeon |  11623 |  11339 |    284 |   2746 |   6438 |  10 | 1162.3 |
        Temple |      1 |      1 |      0 |      0 |      0 |   1 |    1.0 |
          Lair |   1431 |   1402 |     29 |      0 |    961 |   2 |  715.5 |
        Bailey |    430 |    430 |      0 |      0 |    139 |   1 |  430.0 |
      Ice Cave |     16 |     16 |      0 |      0 |      0 |   1 |   16.0 |
               +--------+--------+--------+--------+--------+-----+--------+

Top non-repeatable levels by time:
    D:10: 1765 daAuts
     D:5: 1674 daAuts
     D:6: 1565 daAuts
  Lair:1: 1324 daAuts
     D:4: 1073 daAuts
     D:8: 1070 daAuts
     D:9: 1010 daAuts
     D:7: 960 daAuts
     D:2: 894 daAuts
     D:3: 887 daAuts
     D:1: 721 daAuts
  Bailey: 430 daAuts
  Lair:2: 106 daAuts
   IceCv: 16 daAuts
  Temple: 1 daAuts
